 Dungeon Crawl Stone Soup version 0.18-a0-867-gfd1cc8f (webtiles) character file.

4091 prinygod the Basher (level 10, -5/96 HPs)
             Began as an Ogre Warper on Dec 22, 2015.
             Was a Believer of Okawaru.
             Slain by a centaur (10 damage)
             ... on level 7 of the Dungeon.
             The game lasted 00:41:47 (7789 turns).

prinygod the Basher (Ogre Warper)                   Turns: 7789, Time: 00:41:47

Health: -5/96      AC:  3    Str: 18    XL:     10   Next: 26%
Magic:  19/19      EV: 10    Int: 15    God:    Okawaru [**....]
Gold:   402        SH:  0    Dex:  9    Spells: 4 memorised, 12 levels left

rFire  . . .     SeeInvis .     o - +11 club
rCold  . . .     Gourm    .     b - +0 robe
rNeg   . . .     Faith    .     (no shield)
rPois  .         Spirit   .     (helmet restricted)
rElec  .         Dismiss  .     (no cloak)
rCorr  .         Reflect  .     (gloves unavailable)
SustAt .         Harm     +     (boots unavailable)
MR     ++...                    B - amulet of harm
Stlth  +.........               u - ring of protection from magic
                                (no ring)

@: drained, very resistant to hostile enchantments, very unstealthy
A: unfitting armour, tough skin 1
a: Heroism, Renounce Religion


You were on level 7 of the Dungeon.
You worshipped Okawaru.
Okawaru was pleased with you.
You were hungry.

You visited 2 branches of the dungeon, and saw 9 of its levels.

You collected 402 gold pieces.

Inventory:

Hand Weapons
 a - a +0 mace
 l - a +1 mace of protection
 o - a +11 club (weapon)
Missiles
 e - 5 tomahawks of dispersal
 h - 2 javelins (quivered)
 L - 11 poisoned needles
 P - 8 tomahawks
Armour
 b - a +0 robe (worn)
 x - a +0 large shield
Jewellery
 q - an uncursed ring of ice
 u - a ring of protection from magic (right hand)
 B - an amulet of harm (around neck)
Wands
 C - a wand of enslavement (10/24)
 H - a wand of lightning (9/15)
 M - a wand of disintegration (6/24)
Scrolls
 d - 2 scrolls of blinking
 g - a scroll of random uselessness
 j - 2 scrolls of amnesia {unknown}
 n - 2 scrolls of remove curse
 r - 4 scrolls of identify
 t - 4 scrolls of teleportation {unknown}
 v - a scroll of enchant weapon {unknown}
 w - 3 scrolls of recharging
 z - 3 scrolls of noise {unknown}
 G - 2 scrolls of enchant armour {unknown}
 K - a scroll of immolation {unknown}
Potions
 m - a potion of degeneration {unknown}
 p - a potion of flight {unknown}
 s - a potion of lignification {unknown}
 A - 2 potions of haste
 E - a potion of might {unknown}
 F - a potion of invisibility {unknown}
 I - a potion of heal wounds {unknown}
 J - a potion of berserk rage {unknown}
 Q - a potion of ambrosia {unknown}
Books
 c - a book of Spatial Translocations

   Spells                             Type                      Level
   a - Apportation                    Translocation                1
   b - Blink                          Translocation                2
   c - Shroud of Golubria             Charms/Translocation         2
   d - Portal Projectile              Translocation                3
   e - Teleport Other                 Translocation                3
   f - Passage of Golubria            Translocation                4
 y - a book of the Sky

   Spells                             Type                      Level
   a - Summon Lightning Spire         Summoning/Air                4
   b - Airstrike                      Air                          4
   c - Silence                        Hexes/Air                    5
   d - Deflect Missiles               Charms/Air                   6
   e - Conjure Ball Lightning         Conjuration/Air              6
   f - Tornado                        Air                          9
Comestibles
 f - 5 bread rations
 i - 3 meat rations
 k - 9 slices of pizza
 D - 16 fruits
 O - a beef jerky


   Skills:
 + Level 5.0(4.5) Fighting
 - Level 14.0(13.3) Maces & Flails
 + Level 3.3(2.7) Throwing
 + Level 3.8(3.3) Dodging
 * Level 6.2(5.6) Spellcasting
 + Level 2.5(2.0) Charms
 + Level 3.4(2.8) Translocations


You had 12 spell levels left.
You knew the following spells:

 Your Spells              Type           Power        Failure   Level  Hunger
a - Apportation           Tloc           ##........   6%          1    None
b - Blink                 Tloc           N/A          10%         2    #......
c - Shroud of Golubria    Chrm/Tloc      ##........   12%         2    #......
d - Passage of Golubria   Tloc           N/A          54%         4    ####...


Dungeon Overview and Level Annotations

Branches:
Dungeon (8/15)             Temple (1/1) D:5
   Lair: D:8-11

Altars:
Ashenzari
Cheibriados
Dithmenos
Elyvilon
Fedhas
Gozag
Kikubaaqudgha
Makhleb
Nemelex Xobeh
Okawaru
Pakellas
Qazlal
Ru
Sif Muna
Trog
Vehumet
Xom
Yredelemnul
Zin
The Shining One

Shops:
D:4 (


Innate Abilities, Weirdness & Mutations

You are too large for most types of armour.
You have tough skin (AC +1).


Message History

There is a stone staircase leading up here.
You climb upwards.
A centaur comes into view.
There is a stone staircase leading down here.
You are feeling hungry.
The centaur shouts!
The centaur wields a shortbow.
The centaur shoots an arrow.
The arrow hits you!
* * * LOW HITPOINT WARNING * * *
You see here an arrow.
Unknown command.
Drink which item? (? for menu, Esc to quit)
You feel better.
The centaur shoots an arrow.
The arrow barely misses you.
The centaur unwields an uncursed shortbow.
The centaur hits you.
* * * LOW HITPOINT WARNING * * *
The centaur barely misses you.
You hit the centaur but do no damage. The centaur hits you!
* * * LOW HITPOINT WARNING * * *
You closely miss the centaur. The centaur hits you!
You die...

# #.# #.###.###.# # #.# #.##..#
#.# # #.# ### #.##.## #.# #
#######.###.## #.##.# #.# #
#...##...#.#.#####.##.# #.# #
#.........###...##.##.####.## #
#...##...#.#..#.............# #
#..####.###.#.c.###.#.#.###.###
###..####.#
#.#.@#..............#
..........#
#.#.(#.##.#.#.#.....#
...#.######
#.#.>#.###...#....... ##...#
#.#..#.# ##.###.....# ###.#
#.#.(#.# #.## ##....# ####.##
#.####.# ##.###.#.### ......#
#.# #.# ##.#.##.# .#..#.## #.#
#.# ##.###.### ...#...# #.# #.#
#.# #.)..


You could see a centaur.

Vanquished Creatures
  Pikel (D:5)
  Joseph (D:7)
  Grinder (D:3)
  Sigmund (D:3)
  2 yaks (D:8)
  Menkaure (D:6)
  A black bear (D:4)
  4 orc warriors
  A slave (D:5)
  3 phantoms
  An ogre (D:5)
  A necrophage (D:7)
  3 centaurs
  2 big kobolds (D:8)
  A giant frog (D:6)
  A scorpion (D:6)
  2 giant frog zombies
  A centaur zombie (D:6)
  A crimson imp (D:5)
  5 worker ants
  2 orc priests
  3 hounds
  Jessica (D:2)
  3 iguanas
  10 orc wizards
  2 sheep (D:8)
  2 hound skeletons
  10 adders
  8 gnolls
  A shadow imp (D:6)
  3 worms
  4 giant geckos
  28 orcs
  A ball python (D:1)
  2 bat zombies (D:6)
  6 goblins
  7 hobgoblins
  4 jackals
  4 quokkas
  8 bats
  5 giant cockroaches
  A giant gecko skeleton (D:6)
  A giant gecko zombie (D:6)
  3 giant newts
  A jackal skeleton (D:7)
  8 kobolds
  5 rats
  2 rat zombies (D:6)
169 creatures vanquished.

Vanquished Creatures (others)
  An orc wizard (D:5)
  2 orcs (D:5)
  A giant gecko zombie (D:5)
4 creatures vanquished.

Grand Total: 173 creatures vanquished

Notes
Turn   | Place    | Note
--------------------------------------------------------------
     0 | D:1      | prinygod the Ogre Warper began the quest for the Orb.
     0 | D:1      | Reached XP level 1. HP: 22/22 MP: 3/3
    48 | D:1      | Reached skill level 3 in Maces & Flails
   141 | D:1      | Reached XP level 2. HP: 27/29 MP: 5/5
   416 | D:1      | Reached skill level 4 in Maces & Flails
   445 | D:2      | Reached XP level 3. HP: 29/36 MP: 6/6
   456 | D:2      | Noticed Jessica
   741 | D:2      | Killed Jessica
   741 | D:2      | Reached skill level 5 in Maces & Flails
   741 | D:2      | Reached XP level 4. HP: 8/44 MP: 7/7
  1224 | D:2      | Reached skill level 6 in Maces & Flails
  1587 | D:3      | Noticed Grinder
  1656 | D:2      | Learned a level 2 spell: Blink
  1659 | D:2      | Learned a level 2 spell: Shroud of Golubria
  1678 | D:3      | Killed Grinder
  1678 | D:3      | Reached skill level 8 in Maces & Flails
  1678 | D:3      | Reached XP level 5. HP: 25/50 MP: 6/8
  1678 | D:3      | Reached XP level 6. HP: 29/59 MP: 6/9
  2014 | D:3      | Noticed Sigmund
  2306 | D:3      | Killed Sigmund
  2306 | D:3      | Reached skill level 9 in Maces & Flails
  2306 | D:3      | Reached XP level 7. HP: 39/66 MP: 10/10
  2515 | D:3      | Reached skill level 10 in Maces & Flails
  2560 | D:4      | Found Jefui's Weapon Boutique.
  2928 | D:4      | Reached skill level 11 in Maces & Flails
  3418 | D:5      | Entered Level 5 of the Dungeon
  3642 | D:4      | Reached XP level 8. HP: 69/74 MP: 8/11
  3912 | D:5      | Found a snail-covered altar of Cheibriados.
  3957 | D:5      | Reached skill level 12 in Maces & Flails
  4016 | D:5      | Found a staircase to the Ecumenical Temple.
  4031 | D:5      | Noticed Pikel
  4053 | D:5      | Killed Pikel
  4053 | D:5      | Reached skill level 13 in Maces & Flails
  4064 | Temple   | Entered the Ecumenical Temple
  4226 | Temple   | Became a worshipper of Warmaster Okawaru
  4451 | D:5      | Found an oddly glowing altar of Pakellas.
  4923 | D:6      | Reached XP level 9. HP: 78/80 MP: 12/12
  4931 | D:6      | Reached skill level 14 in Maces & Flails
  5051 | D:6      | Noticed Menkaure
  5442 | D:7      | Got a crystal great sword
  5443 | D:7      | Identified the cursed +0 great sword "Sofroaro" {flame, Str+5 Stlth+} (You found it on level 7 of the Dungeon)
  5478 | D:6      | Killed Menkaure
  5478 | D:6      | Reached skill level 1 in Charms
  5647 | D:6      | Found a blossoming altar of Fedhas.
  5674 | D:6      | Found an ancient bone altar of Kikubaaqudgha.
  5762 | D:7      | Found a shimmering altar of Xom.
  5762 | D:7      | Found a bloodstained altar of Trog.
  5762 | D:7      | Found an opulent altar of Gozag.
  5763 | D:7      | Found a stormy altar of Qazlal.
  5763 | D:7      | Found a burning altar of Makhleb.
  5763 | D:7      | Found a basalt altar of Yredelemnul.
  5763 | D:7      | Found a shadowy altar of Dithmenos.
  5772 | D:7      | Reached * piety under Okawaru
  6645 | D:7      | Noticed Joseph
  6656 | D:7      | Killed Joseph
  6656 | D:7      | Reached skill level 5 in Spellcasting
  6764 | D:7      | Reached ** piety under Okawaru
  6980 | D:7      | Reached XP level 10. HP: 88/94 MP: 18/18
  7686 | D:8      | Reached skill level 5 in Fighting
  7692 | D:8      | Learned a level 4 spell: Passage of Golubria
  7739 | D:8      | Noticed a two-headed hydra
  7789 | D:7      | Slain by a centaur

Vault maps used:
D:1:      scummos_arrival_hexagon, glass_columns_c, hangedman_feature_mirror
D:2:      serial_forest, infiniplex_forest_lined_room_2,
          infiniplex_forest_side_room, infiniplex_forest_clump_tiny,
          infiniplex_forest_end_double, infiniplex_forest_clump_medium,
          infiniplex_forest_fountain, uniq_jessica
D:3:      first_bread, uniq_grinder, uniq_sigmund
D:4:      serial_shops, shop
D:5:      kennysheep_little_box, minmay_temple_entry_glass, serial_bayou_pond_d,
          minmay_misc_feat_more_columns, johnstein_pakellas_death_squad,
          uniq_pikel
D:6:      lemuel_zombie_altar_kikubaaqudgha, kennysheep_mini,
          minmay_misc_feat_columns, uniq_menkaure
D:7:      grunt_temple_overflow_open, minmay_misc_feat_diagonals, uniq_joseph
D:8:      hangedman_ranch
Temple:   roderic_octagonal_lattice_temple

Action                   |  1- 3 |  4- 6 |  7- 9 | 10-12 || total
-------------------------+-------+-------+-------+-------++-------
Melee: Mace              |    74 |       |       |       ||    74
       Club              |       |    79 |   352 |    69 ||   500
Throw: Javelin           |       |       |     6 |       ||     6
 Cast: Shroud of Golubri |       |     1 |    13 |     7 ||    21
       Blink             |       |       |     2 |       ||     2
Evoke: Wand              |       |       |     4 |       ||     4
  Use: Scroll            |       |       |     4 |       ||     4
       Potion            |       |       |     2 |     1 ||     3
 Stab: Sleeping          |     1 |       |       |       ||     1
       Distracted        |       |       |     1 |       ||     1
  Eat: Chunk             |       |     4 |    14 |     3 ||    21
       Fruit             |       |       |     1 |     1 ||     2
